 Dungeon Sprint DCSS version 0.21.0-24-g2553a33 (webtiles) character file.

118 letownia2 the Ruffian (level 4, -4/44 HPs)
             Began as a Troll Wizard on Jan 20, 2018.
             Killed from afar by a deep elf mage (13 damage)
             ... with a bolt of lightning
             ... in the Dungeon (Sprint III: "The Ten Rune Challenge").
             The game lasted 00:01:48 (358 turns).

letownia2 the Ruffian (Troll Wizard)                 Turns: 358, Time: 00:01:49

Health: -4/44      AC:  7    Str: 15    XL:     4   Next: 72%
Magic:  0/7        EV:  9    Int: 15    God:
Gold:   20         SH:  0    Dex:  8    Spells: 1/8 levels left

rFire    . . .     SeeInvis .     - Unarmed
rCold    . . .     Gourm    +   (no shield)
rNeg     . . .     Faith    .   m - +2 robe
rPois    .         Spirit   .   b - +0 hat
rElec    .         Reflect  .   (no cloak)
rCorr    .         Harm     .   (gloves unavailable)
MR       .....     NoTele   +   (boots unavailable)
Stlth    +.........             (no amulet)
HPRegen  0.54/turn              (no ring)
MPRegen  0.10/turn              (no ring)

@: very slightly contaminated
A: large, unfitting armour, claws 3, fast metabolism 3, gourmand, regeneration
1, shaggy fur 1, tough skin 2
a: no special abilities


You were in the Dungeon.
You were not hungry.

You visited 1 branch You collected 20 gold pieces.

Inventory:

Armour
 a - a +0 robe
 b - a +0 hat (worn)
 m - a +2 robe (worn)
Scrolls
 j - 2 scrolls of blinking
 k - 3 scrolls of identify
 n - a scroll of holy word {unknown}
 o - 4 scrolls of remove curse
 p - a scroll of torment {unknown}
Potions
 e - a potion of curing
 f - 2 potions of heal wounds
 g - a potion of haste
 h - 2 potions of magic
 i - a potion of berserk rage
 l - 4 potions of mutation {unknown}
 q - a potion of flight {unknown}
Books
 c - a book of Minor Magic

   Spells                             Type                      Level
   a - Magic Dart                     Conjuration                  1
   b - Blink                          Translocation                2
   c - Call Imp                       Summoning                    2
   d - Slow                           Hexes                        2
   e - Conjure Flame                  Conjuration/Fire             3
   f - Mephitic Cloud                 Conjuration/Poison/Air       3
Comestibles
 d - 4 rations


   Skills:
 - Level 2.8 Fighting
 - Level 1.5 Dodging
 - Level 1.0 Stealth
 + Level 5.0 Unarmed Combat
 + Level 2.9 Spellcasting
 + Level 2.5 Conjurations
   Level 0.6 Summonings
   Level 0.6 Translocations
 * Level 0.0 Fire Magic
 + Level 2.1 Air Magic
 + Level 2.3 Poison Magic


You had one spell level left.
You knew the following spells:

 Your Spells              Type           Power        Failure   Level  Hunger
a - Magic Dart            Conj           #...         7%          1    #......
c - Conjure Flame         Conj/Fire      #.......     36%         3    ###....
e - Mephitic Cloud        Conj/Pois/Air  #.......     24%         3    ###....


Dungeon Overview and Level Annotations

Branches:
Dungeon (1/1)

Altars:
Elyvilon
Zin
The Shining One


Innate Abilities, Weirdness & Mutations

You are too large for most types of armour.
You have claws for hands.
Your metabolism is lightning-fast.
You like to eat raw meat.
Your natural rate of healing is unusually fast.
You are covered in fur. (AC +1)
You have very tough skin. (AC +2)


Message History

You close the door.
You start resting.
A deep elf mage opens the door.
It is wielding a long sword of holy wrath.
Casting: Mephitic Cloud
Confirm with . or Enter, or press ? or * to list all spells.
Aiming: Mephitic Cloud
Press: ? - help, Shift-Dir - straight line, f/p - deep elf mage
Aim: a deep elf mage, wielding a long sword of holy wrath (severely wounded)
The ball explodes into a vile cloud!
The stinking cloud engulfs the deep elf mage.
The deep elf mage is severely wounded.
The deep elf mage is engulfed in noxious fumes.
The deep elf mage appears confused.
The deep elf mage drinks a potion.
The deep elf mage is healed!
The deep elf mage seems less confused.
Unknown command.
Unknown command.
The deep elf mage is engulfed in noxious fumes.
The deep elf mage gestures at you while chanting.
The bolt of lightning hits you!
You die...

▓▓▓▓▓▓ ▓▓▓ .'...♣♣♣♣
♣.##### .#......♣
♣♣.#__§# ##.....♣♣
♣..#..e# .#....≈.♣
♣♣.###@#+###+##
.#...≈≈♣♣♣♣..#..........#
.#..≈≈≈≈♣....'.⌠........#
'#..≈≈≈≈≈≈♣..#...######+#
.#.≈≈≈≈≈≈....#.⌠.#
.#.≈≈≈≈≈.....#...#
.#.≈≈≈.......#+###
##...........#
.............#


You could see a deep elf mage.

Vanquished Creatures
  A water elemental (D)
  Jessica (D)
  A human (D)
  2 oozes (D)
  A phantom (D)
6 creatures vanquished.

Vanquished Creatures (others)
  2 draconian scorchers (D)
  6 hellions (D)
  A yaktaur (D)
  2 plants (D)
11 creatures vanquished.

Grand Total: 17 creatures vanquished

Notes
Turn   | Place    | Note
-------+----------+-------------------------------------------
     0 | D        | letownia2 the Troll Wizard began the quest for the Orb.
     0 | D        | Reached XP level 1. HP: 16/16 MP: 2/2
     4 | D        | Reached skill level 1 in Fighting
     4 | D        | Reached skill level 2 in Unarmed Combat
     8 | D        | Reached skill level 3 in Unarmed Combat
     8 | D        | Reached XP level 2. HP: 17/28 MP: 4/4
    13 | D        | Noticed Jessica
    18 | D        | Killed Jessica
    18 | D        | Reached skill level 5 in Unarmed Combat
    18 | D        | Reached XP level 3. HP: 28/36 MP: 5/5
    26 | D        | Learned a level 3 spell: Mephitic Cloud
    81 | D        | Reached skill level 1 in Conjurations
    81 | D        | Reached skill level 1 in Poison Magic
    89 | D        | Killed a hellion
    89 | D        | Killed a hellion
    93 | D        | Killed a hellion
    94 | D        | Killed a hellion
   110 | D        | Killed a hellion
   113 | D        | Killed a hellion
   163 | D        | Killed a white draconian scorcher
   166 | D        | Noticed a water elemental
   175 | D        | Killed a white draconian scorcher
   210 | D        | Killed a yaktaur
   260 | D        | Killed a water elemental
   260 | D        | Reached XP level 4. HP: 20/44 MP: 3/7
   265 | D        | Learned a level 3 spell: Conjure Flame
   333 | D        | Found a glowing silver altar of Zin.
   334 | D        | Found a glowing golden altar of the Shining One.
   334 | D        | Found a white marble altar of Elyvilon.
   335 | D        | Noticed a deep elf mage
   358 | D        | Killed from afar by a deep elf mage

Skill      XL: |  1  2  3 |
---------------+----------+-----
Fighting       | 1 2 |  2.8
Unarmed Combat | 3 5 |  5.0
Conjurations   | 2 |  2.5
Poison Magic   | 2 |  2.3
Air Magic      | 2 |  2.1
Dodging        | |  1.5
Stealth        | |  1.0
Spellcasting   | |  2.9
Summonings     | |  0.6
Translocations | |  0.6

Action                   |  1- 3 |  4- 6 || total
-------------------------+-------+-------++-------
Melee: Unarmed           |    42 |    13 ||    55
 Cast: Magic Dart        |     2 |       ||     2
       Mephitic Cloud    |       |     2 ||     2
  Eat: Chunk             |     2 |       ||     2
Armor: Robe              |     6 |       ||     6
Dodge: Dodged            |    17 |     3 ||    20
